 Dungeon Crawl Stone Soup version 0.27-a0-869-g165b36e3f0 (webtiles) character file.

Game seed: 9529514057785758671

900 tilp the Fighter (level 8, -1/88 HPs)
             Began as an Ogre Warper on Apr 2, 2021.
             Succumbed to Duvessa's poison
             ... on level 5 of the Dungeon.
             The game lasted 00:17:19 (9373 turns).

tilp the Fighter (Ogre Warper)                      Turns: 9373, Time: 00:17:19

Health: -1/88      AC:  4    Str: 20    XL:     8   Next: 7%
Magic:  11/11      EV:  9    Int: 16    God:
Gold:   135        SH:  0    Dex:  8    Spells: 3/11 levels left

rFire    . . .     SeeInvis .   a - +4 mace "Ituckegu" {flame, Str+4}
rCold    . . .     Faith    .   (no shield)
rNeg     + + .     Spirit   .   n - +0 robe
rPois    .         Reflect  .   (helmet restricted)
rElec    .         Harm     .   m - +0 cloak
rCorr    .         Rampage  .   (gloves unavailable)
Will     .....                  (boots unavailable)
Stlth    ++........             (no amulet)
HPRegen  0.24/turn              c - ring of positive energy
MPRegen  0.12/turn              d - ring of positive energy

@: mighty, lethally poisoned (-1 -> -4)
A: large, unfitting armour, tough skin 1
a: no special abilities


You were on level 5 of the Dungeon.
You visited 1 branch of the dungeon, and saw 6 of its levels.

You collected 267 gold pieces.
You spent 132 gold pieces at shops.

Inventory:

Hand Weapons
 a - the +4 mace "Ituckegu" (weapon) {flame, Str+4}
   (You found it on level 5 of the Dungeon)

   It has been specially enchanted to burn those struck by it, causing extra
   injury to most foes and up to half again as much damage against particularly
   susceptible opponents.
   It affects your strength (+4).
 b - a +1 whip of pain
 o - a +0 flail
Missiles
 h - 2 poisoned darts (quivered)
 i - 166 stones
Armour
 m - a +0 cloak (worn)
 n - a +0 robe (worn)
Jewellery
 c - a ring of positive energy (left hand)
 d - a ring of positive energy (right hand)
Scrolls
 g - 2 scrolls of identify
Potions
 e - 2 potions of haste
 k - a potion of cancellation
 p - 2 potions of attraction


   Skills:
 - Level 8.0 Fighting
 + Level 5.9 Maces & Flails
 - Level 1.0 Throwing
 - Level 2.1 Dodging
 - Level 2.0 Stealth
 - Level 2.4 Spellcasting
 - Level 2.6 Translocations


You had 3 spell levels left.
You knew the following spells:

 Your Spells              Type           Power      Damage    Failure   Level
a - Blink                 Tloc           N/A        N/A       10%         2
b - Lesser Beckoning      Tloc           5%         N/A       21%         3
c - Teleport Other        Tloc           10%        N/A       21%         3

Your spell library contained the following spells:

 Spells                   Type           Power      Damage    Failure   Level
 Gell's Gravitas          Tloc           5%         N/A       21%         3
 Manifold Assault         Tloc           10%        N/A       88%         5


Dungeon Overview and Level Annotations

Branches:
Dungeon (6/15)
 Temple: D:4-7

Altars:
Xom

Shops:
D:1 (

Annotations:
D:2 dig vault
D:3 fly vault
D:5 2 runed translucent doors, Dowan
D:6 Prince Ribbit


Innate Abilities, Weirdness & Mutations

You are too large for most types of armour.
You have tough skin. (AC +1)


Message History

Dowan seems overcome with grief, but rights himself reflexively soon after.
Dowan seems to find hidden reserves of power!
You feel very sick.
You have reached level 8!
You sock Dowan! You burn Dowan.
Dowan is severely wounded.
You feel very sick. Dowan casts a spell at you. The stone arrow hits you!
* * * LOW HITPOINT WARNING * * *
Unknown command.
You barely miss Dowan.
Dowan is severely wounded.
* * * LOW HITPOINT WARNING * * *
You feel very sick. Dowan hits you with a +0 dagger.
* * * LOW HITPOINT WARNING * * *
Dowan hits you but does no damage.
It was a potion of brilliance.
You feel clever all of a sudden.
* * * LOW HITPOINT WARNING * * *
You feel sick.
Dowan shakes with grief.
Dowan hits you with a +0 dagger.
* * * LOW HITPOINT WARNING * * *
Your magical effects are unravelling.
You feel magically purged.
You feel a little less clever now.
* * * LOW HITPOINT WARNING * * *
You feel sick. Dowan barely misses you. Dowan closely misses you.
Unknown command.
Unknown command.
It was a potion of might.
You feel very mighty all of a sudden.
* * * LOW HITPOINT WARNING * * *
You feel sick. Dowan closely misses you.
Unknown command.
You hit Dowan. You burn Dowan.
Dowan is almost dead.
You die...

.#......#......###
##...#++#........##
.#####KK###.......##
.# §.§§###.......# .#
..§§§.#.....### .#
§§K§§.##..#### .#
K§§§§.#.## .## §K
######## ..###K#
#######)@#
..##§§§##..##.(e.####
.##.§§§§##..........##
..##)§§##............#
##.#####§(.....##....#
.(..........##.####.##
.#.>.>......#### ###
.#####..#..##
.#####.#####


You could see Dowan (fast).

Vanquished Creatures
  Duvessa (D:5)
  2 ogres
  A necrophage (D:4)
  A kobold brigand (D:4)
  A scorpion (D:5)
  A bullfrog zombie (D:5)
  A hound (D:5)
  An orc priest (D:5)
  2 iguanas
  3 orc wizards (D:3)
  2 hound skeletons
  4 adders
  4 worms
  3 dart slugs
  13 orcs
  4 endoplasms
  4 giant cockroaches
  11 goblins
  4 hobgoblins
  7 jackals
  8 kobolds
  3 quokkas
  3 ball pythons
  4 bats
  4 frilled lizards
  8 rats
100 creatures vanquished.

Vanquished Creatures (others)
  2 plants (D:5)
2 creatures vanquished.

Grand Total: 102 creatures vanquished

Notes
Turn   | Place    | Note
-------+----------+-------------------------------------------
     0 | D:1      | tilp the Ogre Warper began the quest for the Orb.
     0 | D:1      | Reached XP level 1. HP: 22/22 MP: 3/3
    79 | D:1      | Found a faded altar of an unknown god.
    98 | D:1      | Reached skill level 3 in Fighting
   269 | D:1      | Reached XP level 2. HP: 26/31 MP: 5/5
   272 | D:1      | Learned a level 2 spell: Blink
   476 | D:1      | Found Fuome's Antique Weapon Shoppe.
   563 | D:1      | Reached skill level 4 in Fighting
  1094 | D:1      | Reached XP level 3. HP: 37/40 MP: 6/6
  1542 | D:2      | Noticed a necrophage
  1542 | D:2      | Noticed a centaur
  2194 | D:2      | Reached skill level 5 in Fighting
  2502 | D:2      | Reached XP level 4. HP: 49/50 MP: 7/7
  2999 | D:2      | Reached skill level 6 in Fighting
  3294 | D:3      | Reached XP level 5. HP: 40/59 MP: 8/8
  3510 | D:3      | Reached skill level 1 in Stealth
  3580 | D:1      | Bought a runed whip for 132 gold pieces
  3688 | D:3      | You fall into a shaft and drop 3 floors!
  3691 | D:6      | Noticed an ice beast
  3803 | D:6      | Noticed Prince Ribbit
  3808 | D:5      | Entered Level 5 of the Dungeon
  5441 | D:4      | Reached XP level 6. HP: 64/67 MP: 9/9
  6502 | D:4      | Noticed a water moccasin
  6509 | D:3      | Learned a level 3 spell: Lesser Beckoning
  6513 | D:3      | Learned a level 3 spell: Teleport Other
  7237 | D:4      | HP: 2/67 [goblin/stone (3)]
  7310 | D:4      | Reached XP level 7. HP: 34/76 MP: 10/10
  7936 | D:5      | Noticed Duvessa
  7936 | D:5      | Noticed Dowan
  8097 | D:5      | Identified the +2 rapier of the Muttering Stork {chaos,
                  | rElec rC+}
  8132 | D:5      | Reached skill level 7 in Fighting
  8475 | D:4      | Reached skill level 5 in Maces & Flails
  9180 | D:5      | Identified the +4 mace "Ituckegu" {flame, Str+4}
  9196 | D:5      | Found a large runed translucent door.
  9223 | D:5      | Found a large runed translucent door.
  9225 | D:5      | Found a shimmering altar of Xom.
  9268 | D:5      | Reached skill level 8 in Fighting
  9367 | D:5      | Killed Duvessa
  9368 | D:5      | Reached XP level 8. HP: 24/88 MP: 11/11
  9370 | D:5      | HP: 3/88 [Dowan/+0 dagger (2)]
  9372 | D:5      | HP: 1/88 [poisoned by Duvessa]
  9373 | D:5      | Succumbed to Duvessa's poison

Illustrated notes

Levels and vault maps discovered:
D:1:      dpeg_arrival_houses_and_road, layout_basic, serial_shops, shop,
          basic_ecumenical_altar, nrook_uturn
D:2:      layout_basic, lightli_corner_chamber
D:3:      layout_loops_ring, corexii_item_surrounded_by_moat, minmay_cut_off
D:4:      layout_basic, roderic_serpentine_path
D:5:      due_chaos_kobolds, layout_cave_pools, serial_bayou_pond_a,
          uniq_duvessa
D:6:      layout_loops_corners, uniq_prince_ribbit1

Skill      XL: |  1  2  3  4  5  6  7 |
---------------+----------------------+-----
Fighting       | 3 4 5 6 8 |  8.0
Maces & Flails | 2 3 4 5 |  5.9
Stealth        | 1 2 |  2.0
Throwing       | |  1.0
Dodging        | |  2.1
Spellcasting   | |  2.4
Translocations | |  2.6

Action                   |  1- 3 |  4- 6 |  7- 9 || total
-------------------------+-------+-------+-------++-------
Melee: Mace              |   160 |    60 |    12 ||   232
       Whip              |       |   213 |    98 ||   311
Throw: Stone             |     7 |     7 |       ||    14
       Boomerang         |     5 |       |       ||     5
       Dart              |       |    17 |    17 ||    34
 Cast: Blink             |     4 |     7 |     3 ||    14
  Use: Potion            |     2 |     2 |     4 ||     8
       Scroll            |       |     7 |     4 ||    11
 Stab: Sleeping          |       |       |     3 ||     3
Armor: Robe              |    76 |    63 |    21 ||   160
Dodge: Dodged            |    82 |   133 |    56 ||   271

Table legend: (Time is in decaauts)
 A = Elapsed time spent in this place.
 B = Non-inter-level travel time spent in this place.
 C = Inter-level travel time spent in this place.
 D = Time resting spent in this place.
 E = Time spent auto-exploring this place.
 F = Levels seen in this place.
 G = Mean time per level.
                   A        B        C        D        E       F      G
               +--------+--------+--------+--------+--------+-----+--------+
         Total |   9439 |   8719 |    720 |   3957 |   2811 |   6 | 1573.2 |
       Dungeon |   9439 |   8719 |    720 |   3957 |   2811 |   6 | 1573.2 |
               +--------+--------+--------+--------+--------+-----+--------+

Top non-repeatable levels by time:
     D:4: 2806 daAuts
     D:2: 2097 daAuts
     D:1: 1913 daAuts
     D:3: 1753 daAuts
     D:5: 747 daAuts
     D:6: 119 daAuts
